 Dungeon Crawl Stone Soup version 0.28-a0-1518-gbe868bca14 (webtiles) character file.

Game seed: 15903955346985883409

2 hashsling the Grave Robber (level 1, 10/15 HPs)
             Began as a Deep Dwarf Necromancer on Jan 16, 2022.
             Quit the game on level 1 of the Dungeon.
             The game lasted 00:01:51 (158 turns).

hashsling the Grave Robber (Deep Dwarf Necromancer)  Turns: 158, Time: 00:01:52

Health: 10/15      AC:  2    Str: 11    XL:     1   Next: 33%
Magic:  0/3        EV: 12    Int: 15    God:
Gold:   0          SH:  0    Dex: 13    Spells: 1/3 levels left

rFire   . . .      SeeInvis .   (no weapon)
rCold   . . .      Faith    .   (no shield)
rNeg    . . .      Spirit   .   a - +0 robe
rPois   .          Reflect  .   (no helmet)
rElec   .          Harm     .   (no cloak)
rCorr   .          Rampage  .   (no gloves)
Will    .....                   (no boots)
Stlth   ++........              (no amulet)
HPRegen 0.00/turn               (no ring)
MPRegen 0.08/turn               (no ring)

@: no status effects
A: damage resistance, heal wounds, sense surroundings 1, no regeneration
a: Heal Wounds


You were on level 1 of the Dungeon.
You visited 1 branch of the dungeon, and saw 1 of its levels.

Inventory:

Armour
 a - a +0 robe (worn)
Scrolls
 c - a scroll of enchant armour {unknown}
Potions
 b - a potion of resistance {unknown}


   Skills:
 * Level 2.3 Dodging
 - Level 2.4 Stealth
 + Level 1.8 Spellcasting
 * Level 4.4 Necromancy


You had one spell level left.
You knew the following spells:

 Your Spells              Type           Power      Damage    Failure   Level
a - Pain                  Necr           56%        1d6       3%          1
b - Animate Skeleton      Necr           28%        N/A       3%          1

Your spell library contained the following spells:

 Spells                   Type           Power      Damage    Failure   Level
 Vampiric Draining        Necr           14%        2d7       11%         3
 Animate Dead             Necr           7%         N/A       36%         4
 Agony                    Necr           14%        N/A       71%         5


Dungeon Overview and Level Annotations

Branches:
Dungeon (1/15)

Altars:


Innate Abilities, Weirdness & Mutations

You are resistant to damage.
You can heal yourself by infusing magical energy.
You passively map a small area around you.
You do not regenerate.


Message History

Your bat skeleton barely misses the giant cockroach.
Your bat skeleton hits the giant cockroach but does no damage.
The hobgoblin hits you but does no damage.
Casting: Pain (safe; 3% risk of failure)
Confirm with . or Enter, or press ? or * to list all spells.
Aiming: Pain (safe; 3% risk of failure)
Press: ? - help, Shift-Dir - straight line, f/p - hobgoblin
Aim: a hobgoblin (chance to affect: 84%)
You miscast Pain.
You are very lightly contaminated with residual magic.
Nothing appears to happen.
The hobgoblin closely misses you.
Your magical contamination has completely faded away.
The giant cockroach bites you.
Casting: Pain (safe; 3% risk of failure)
Confirm with . or Enter, or press ? or * to list all spells.
Aiming: Pain (safe; 3% risk of failure)
Press: ? - help, Shift-Dir - straight line, f/p - hobgoblin
Aim: a hobgoblin (chance to affect: 84%)
You miscast Pain.
You are very lightly contaminated with residual magic.
Nothing appears to happen.
The giant cockroach bites you. The giant cockroach barely misses you.
Your magical contamination has completely faded away.
The giant cockroach barely misses you.
The quokka twitches its whiskers.
Casting: Pain (safe; 3% risk of failure)
Confirm with . or Enter, or press ? or * to list all spells.
Aiming: Pain (safe; 3% risk of failure)
Press: ? - help, Shift-Dir - straight line, f/p - hobgoblin
Aim: a hobgoblin (chance to affect: 84%)
You miscast Pain.
You are very lightly contaminated with residual magic.
Nothing appears to happen.
The giant cockroach bites you. The quokka barely misses you.
The giant cockroach bites you but does no damage.
The quokka bites you.
Your magical contamination has completely faded away.
The giant cockroach closely misses you. The quokka bites you.
Are you sure you want to abandon this character and quit the game? (Confirm with "yes".)

#......####.##.<#.......#
#...........##..........#
*#####.......##.##########
#.....[..#...#
#........#.#.# ,
*#........#.#.#
#######.B#.#.# *
####.#.r#.#.# ,
#....#.@#.#.# ,*
#.##.#......# ,
#.........### ,
####.##.### ,, #.##.# , *
#.##.# , #Z##.# ,,, #r##.#
* * , #'##.#


You could see a quokka and a giant cockroach.

Vanquished Creatures
  A bat (D:1)
  A quokka (D:1)
2 creatures vanquished.

Notes
Turn   | Place    | Note
-------+----------+-------------------------------------------
     0 | D:1      | hashsling the Deep Dwarf Necromancer began the quest for
                  | the Orb.
     0 | D:1      | Reached XP level 1. HP: 15/15 MP: 3/3
   113 | D:1      | Learned a level 1 spell: Animate Skeleton
   158 | D:1      | Quit the game

Illustrated notes

Levels and vault maps discovered:
D:1:      dpeg_arrival_lava_altar, layout_basic

Action                   || total
-------------------------++-------
Melee: Unarmed           ||     1
 Cast: Pain              ||     4
       Animate Skeleton  ||     1
Armor: Robe              ||     3
Dodge: Dodged            ||     6

Table legend: (Time is in decaauts)
 A = Elapsed time spent in this place.
 B = Non-inter-level travel time spent in this place.
 C = Inter-level travel time spent in this place.
 D = Time resting spent in this place.
 E = Time spent auto-exploring this place.
 F = Levels seen in this place.
 G = Mean time per level.
                   A        B        C        D        E       F      G
               +--------+--------+--------+--------+--------+-----+--------+
         Total |    158 |    158 |      0 |      0 |     73 |   1 |  158.0 |
       Dungeon |    158 |    158 |      0 |      0 |     73 |   1 |  158.0 |
               +--------+--------+--------+--------+--------+-----+--------+

Top non-repeatable levels by time:
     D:1: 158 daAuts
